 Dungeon Crawl Stone Soup version 0.29-a0-1009-g60c99734e7 (webtiles) character file.

Game seed: 1111700943722928426

12985 Monkooky the Grappler (level 11, 0/78 HPs)
             Began as a Palentonga Fighter on Aug 8, 2022.
             Was an Elder of Cheibriados.
             Slain by a two-headed ogre
             ... wielding a +0 giant spiked club
              (16 damage)
             ... on level 11 of the Dungeon.
             The game lasted 00:30:28 (8618 turns).

Monkooky the Grappler (Palentonga Fighter)          Turns: 8618, Time: 00:30:31

Health: 0/78       AC: 21    Str: 33    XL:     11   Next: 69%
Magic:  0/17       EV:  9    Int: 18    God:    Cheibriados [****..]
Gold:   603        SH:  5    Dex: 18    Spells: 2/18 levels left

rFire   . . .      SeeInvis +   s - +8 hand axe "Uriodut" {protect, rC+ Will+}
rCold   + . .      Faith    .   c - +0 buckler
rNeg    . . .      Spirit   +   y - +2 robe {Will+}
rPois   .          Reflect  .   C - +0 helmet
rElec   .          Harm     .   (no cloak)
rCorr   .          Rampage  .   (no gloves)
Will    ++...                   (no barding)
Stlth   ++........              J - amulet of guardian spirit
HPRegen 1.03/turn               (no ring)
MPRegen 0.15/turn               (no ring)

@: about to teleport, under a protective aura, curled up, very slow
A: large, rugged brown scales 3, see invisible, deformed body, roll 1, armoured
tail, reflexive curl, dopey 1, frail 1, regeneration 1
a: Rolling Charge, Renounce Religion, Bend Time, Temporal Distortion, Slouch


You were on level 11 of the Dungeon.
You worshipped Cheibriados.
Cheibriados was greatly pleased with you.
You visited 1 branch of the dungeon, and saw 11 of its levels.
You also visited: Bailey.

You collected 603 gold pieces.

Inventory:

Hand Weapons
 a - a +0 war axe
 s - the +8 hand axe "Uriodut" (weapon) {protect, rC+ Will+}
   (You took it off a kobold on level 3 of the Dungeon)

   It grants its wielder temporary protection when it strikes (+7 to AC).
   rC:        It protects you from cold.
   Will:      It increases your willpower.
Missiles
 h - a curare-tipped dart
 i - 6 throwing nets
 B - 12 poisoned darts
Armour
 b - a +0 scale mail
 c - a +0 buckler (worn)
 x - a +0 chain mail
 y - a +2 robe of willpower (worn)
 A - a +0 ring mail
 C - a +0 helmet (worn)
 G - a +0 buckler
Magical Staves
 F - a staff of air
Jewellery
 n - a +4 ring of evasion
 J - an amulet of guardian spirit (around neck)
 O - a ring of protection from fire
Wands
 D - a wand of paralysis (10)
 K - a wand of flame (27)
 N - a wand of roots (1)
Scrolls
 g - 4 scrolls of amnesia
 j - a scroll of brand weapon {unknown}
 k - a scroll of enchant weapon {unknown}
 o - 3 scrolls of blinking
 q - a scroll of poison {unknown}
 t - 4 scrolls of vulnerability
 v - a scroll of acquirement {unknown}
 w - 4 scrolls of magic mapping
 E - 2 scrolls of torment {unknown}
 H - 5 scrolls of teleportation
 L - a scroll of summoning {unknown}
 P - 2 scrolls of enchant armour {unknown}
 R - a scroll of immolation {unknown}
 S - a scroll of identify
Potions
 d - a potion of might
 e - 3 potions of mutation
 f - 3 potions of magic {unknown}
 l - 5 potions of brilliance
 m - 4 potions of curing
 p - 3 potions of attraction {unknown}
 r - 2 potions of invisibility {unknown}
 u - 3 potions of lignification {unknown}
 z - a potion of haste {unknown}
 I - 2 potions of flight {unknown}
 Q - a potion of resistance


   Skills:
 - Level 6.1 Fighting
 - Level 8.0 Axes
 - Level 2.5 Armour
 - Level 2.8 Shields
 - Level 9.1 Unarmed Combat
 - Level 4.0 Spellcasting
 + Level 5.4 Conjurations
 - Level 9.0 Transmutations
 - Level 7.6 Invocations


You had 2 spell levels left.
You knew the following spells:

 Your Spells              Type           Power      Damage    Failure   Level
a - Passwall              Tmut/Erth      15%        N/A       4%          2
b - Blade Hands           Tmut           18%        N/A       12%         5
c - Irradiate             Conj/Tmut      14%        3d16      26%         5
d - Petrify               Tmut/Erth      19%        N/A       28%         4

Your spell library contained the following spells:

 Spells                   Type           Power      Damage    Failure   Level
 Magic Dart               Conj           92%        1d7       1%          1
 Searing Ray              Conj           46%        2d6       3%          2
 Apportation              Tloc           6%         N/A       19%         1
 Necrotise                Necr           12%        1d4       19%         1
 Slow                     Hex            12%        N/A       19%         1
 Ensorcelled Hibernation  Hex/Ice        6%         N/A       26%         2
 Sublimation of Blood     Necr           3%         N/A       26%         2
 Confusing Touch          Hex            3%         N/A       47%         3
 Swiftness                Air            3%         N/A       47%         3
 Vampiric Draining        Necr           3%         2d6       47%         3
 Fulminant Prism          Conj/Hex       6%         3d7       52%         4
 Alistair's Intoxication  Tmut/Pois      12%        N/A       61%         5
 Animate Armour           Summ/Erth      6%         N/A       87%         4
 Agony                    Necr           3%         N/A       99%         5
 Iron Shot                Conj/Erth      6%         9d2       100%        6


Dungeon Overview and Level Annotations

Branches:
Dungeon (11/15)            Temple (0/1) D:7             Orc (0/2) D:11
 Bailey (visited)
   Lair: D:8-11

Altars:
Cheibriados
Dithmenos
Elyvilon
Fedhas
Gozag
Kikubaaqudgha
Qazlal
Sif Muna
Vehumet

Shops:
D:5 (

Annotations:
D:4 3 runed translucent doors, exclusion: door, BleedingAnus's ghost, amateur HOMo
D:5 3 runed translucent doors, mdk's ghost, novice DECj
D:9 1 runed translucent door, FizzleBangTC's ghost, novice MeEE
D:11 1 runed translucent door, exclusion: 2 oklob plants, Heh's ghost, journeyman OpFi


Innate Abilities, Weirdness & Mutations

You are completely covered in rugged brown scales. (AC +3, +7% HP)
You have supernaturally acute eyesight. (SInv)
Armour fits poorly on your strangely shaped body.
You can roll at nearby foes to attack.
You have a long armoured tail.
You curl defensively after being hit. (AC +7*)
You are dopey. (Int -2)
You are frail. (-10% HP)
Your natural rate of healing is unusually fast.


Message History

Aiming: Passwall (dangerous; 28% risk of failure)
Press: ? - help, Dir - move target A rock wall, spattered with blood.
This rock feels extremely deep.
Okay, then.
Roll where?
Press: ? - help, Q - select action, (/) - cycle Dir - move target, f - ogre mage
Aim: an ogre mage, wielding a +0 whip and wearing a +0 robe You roll forward with a clatter of scales!
You slice the ogre mage!! You slash the ogre mage!
The ogre mage is severely wounded.
Your hands revert to their normal proportions.
The +8 hand axe "Uriodut" {protect, rC+ Will+} unmelds from your body.
Your +0 buckler unmelds from your body.
The +8 hand axe "Uriodut" {protect, rC+ Will+} hums with potential!
You hear two shouts!
You hear a shout!
The ogre mage mumbles some strange words.
The ogre mage flickers and vanishes for a moment.
You block the ogre mage's attack.
As you read the scroll of teleportation, it crumbles to dust.
You feel strangely unstable. The ogre mage hits you with a +0 whip!
* * * LOW HITPOINT WARNING * * *
Aiming: Paralyse
Press: ? - help, Shift-Dir - straight line, f - two-headed ogre, p - ogre mage
Aim: a two-headed ogre, wielding a +0 giant spiked club and a +0 dire flail (chance to affect: 31%)
Okay, then.
Okay, then.
You feel much better.
The two-headed ogre hits you with a +0 giant spiked club!!
The two-headed ogre hits you with a +0 dire flail.
* * * LOW HITPOINT WARNING * * *
You hit the ogre mage.
Your weapon exudes an aura of protection.
You tail-slap the ogre mage!
The ogre mage is almost dead.
You hit the two-headed ogre. The ogre mage hits you with a +0 whip.
* * * LOW HITPOINT WARNING * * *
The two-headed ogre hits you with a +0 giant spiked club!
You die...

#.# #...############.#
##)###########................#
..............................#
..................###########.#
........#########.# #.#
........# #.# #.#
........#########.# #.#
.............)....###########.#
.....(..........@O............#
######...........O............#
######..##########O..##########
.........<...........########
.............................
.............................
.#########+##################
........#.!W# ........#♣8♣#


You could see a two-headed ogre, an ogre mage (invisible) and an ogre.

Vanquished Creatures
  Fannar (D:10)
  2 vault guards (Bailey)
  Harold (D:9)
  A two-headed ogre (D:11)
  Nergalle (D:11)
  Pikel (D:6)
  A komodo dragon (D:10)
  3 trolls
  Grinder (D:4)
  A blink frog (Bailey)
  Prince Ribbit (D:6)
  A wyvern (D:10)
  2 wraiths
  A shadow (D:9)
  A vampire (D:11)
  12 yaks
  Grum (D:9)
  3 humans (Bailey)
  A vampire mosquito (D:8)
  A steam dragon (D:10)
  Duvessa (D:4)
  2 water moccasins
  2 black bears (D:4)
  An ogre (D:5)
  4 ice beasts
  2 orc warriors (D:9)
  2 wolves (D:9)
  2 centaurs
  A phantom (D:6)
  3 lemures (D:6)
  Blork the orc (D:4)
  A kobold brigand (D:8)
  2 necrophages (D:5)
  11 bullfrogs
  2 scorpions
  8 wights
  Dowan (D:4)
  A killer bee (D:8)
  7 howler monkeys
  4 jellies
  6 orc priests
  A gnoll bouda (D:8)
  Natasha (twice) (D:4)
  3 iguanas
  5 orc wizards
  7 adders
  6 gnolls
  A shadow imp (D:8)
  An ufetubus (D:6)
  9 worms
  A dart slug (D:2)
  30 orcs
  6 endoplasms
  6 giant cockroaches
  10 goblins
  3 hobgoblins
  5 jackals
  4 quokkas
  4 ball pythons
  2 bats
  A frilled lizard (D:3)
  11 kobolds
  8 rats
227 creatures vanquished.

Vanquished Creatures (others)
  29 plants
29 creatures vanquished.

Grand Total: 256 creatures vanquished

Notes
Turn   | Place    | Note
-------+----------+-------------------------------------------
     0 | D:1      | Monkooky the Palentonga Fighter began the quest for the
                  | Orb.
     0 | D:1      | Reached XP level 1. HP: 19/19 MP: 1/1
    84 | D:1      | Reached XP level 2. HP: 21/25 MP: 2/2
   362 | D:1      | Reached XP level 3. HP: 31/31 MP: 3/3
   690 | D:2      | Reached XP level 4. HP: 28/37 MP: 4/4
  1690 | D:3      | Reached XP level 5. HP: 32/43 MP: 5/5
  1865 | D:3      | Identified the +8 hand axe "Uriodut" {protect, rC+ Will+}
  2619 | D:4      | Noticed a black bear
  2644 | D:4      | Noticed Blork the orc
  2651 | D:4      | Reached skill level 5 in Axes
  2653 | D:4      | Gained mutation: You are frail. (-10% HP) [potion of
                  | mutation]
  2653 | D:4      | Gained mutation: You are dopey. (Int -2) [potion of
                  | mutation]
  2653 | D:4      | Gained mutation: Your natural rate of healing is unusually
                  | fast. [potion of mutation]
  2659 | D:4      | Killed Blork the orc
  2660 | D:4      | Reached XP level 6. HP: 45/46 MP: 6/6
  2697 | D:4      | Noticed Grinder
  2703 | D:4      | Killed Grinder
  2704 | D:4      | Gained mutation: You curl defensively after being hit. (AC
                  | +7*) [Palentonga growth]
  2704 | D:4      | Reached XP level 7. HP: 41/53 MP: 7/7
  2757 | D:4      | Found a runed translucent gate.
  2758 | D:4      | Found a runed translucent gate.
  2759 | D:4      | Found a runed translucent gate.
  2762 | D:4      | Noticed Dowan
  2766 | D:4      | Noticed Duvessa
  2774 | D:4      | Killed Duvessa
  2775 | D:4      | Reached skill level 5 in Fighting
  2779 | D:4      | Killed Dowan
  3012 | D:4      | Noticed Natasha
  3015 | D:4      | Killed Natasha
  3098 | D:4      | Noticed Natasha
  3101 | D:4      | Killed Natasha
  3185 | D:4      | Noticed BleedingAnus's ghost (amateur HOMo)
  3200 | D:5      | Entered Level 5 of the Dungeon
  3215 | D:5      | Found a runed translucent gate.
  3216 | D:5      | Found a runed translucent gate.
  3218 | D:5      | Found an opulent altar of Gozag.
  3219 | D:5      | Found a runed translucent gate.
  3219 | D:5      | Noticed mdk's ghost (novice DECj)
  3219 | D:5      | Noticed a yak
  3261 | D:5      | Reached XP level 8. HP: 62/62 MP: 8/8
  3513 | D:5      | Found Camui's Antique Weapon Boutique.
  3525 | D:5      | Identified the +1 plate armour of Decompression {rN++ Dex+3
                  | Stlth+}
  3742 | D:5      | Found a radiant altar of Vehumet.
  3749 | D:5      | Found a stormy altar of Qazlal.
  3755 | D:5      | Found a shimmering blue altar of Sif Muna.
  3760 | D:5      | Found a shadowy altar of Dithmenos.
  3765 | D:5      | Found a blossoming altar of Fedhas.
  3768 | D:5      | Found an ancient bone altar of Kikubaaqudgha.
  3774 | D:5      | Found a snail-covered altar of Cheibriados.
  3778 | D:5      | Became a worshipper of Cheibriados the Contemplative
  3921 | D:6      | Found a white marble altar of Elyvilon.
  4093 | D:6      | Noticed Pikel
  4106 | D:6      | Reached skill level 5 in Transmutations
  4129 | D:6      | Learned a level 2 spell: Passwall
  4153 | D:6      | Reached skill level 1 in Spellcasting
  4327 | D:6      | Killed Pikel
  4328 | D:6      | Reached XP level 9. HP: 66/66 MP: 10/13
  4344 | D:6      | Learned a level 5 spell: Blade Hands
  4350 | D:6      | Learned a level 5 spell: Irradiate
  4416 | D:6      | Noticed Prince Ribbit
  4420 | D:6      | Killed Prince Ribbit
  4626 | D:7      | Found a staircase to the Ecumenical Temple.
  4627 | D:7      | Found a flagged portal.
  4648 | Bailey   | Entered a bailey
  4654 | Bailey   | Learned a level 4 spell: Petrify
  4669 | Bailey   | Reached * piety under Cheibriados
  4704 | Bailey   | Reached skill level 1 in Invocations
  4767 | Bailey   | Reached skill level 5 in Unarmed Combat
  4819 | Bailey   | Noticed a vault guard
  4841 | Bailey   | Noticed a vault guard
  4879 | Bailey   | Killed a vault guard
  4880 | Bailey   | Reached XP level 10. HP: 22/73 MP: 2/16
  4899 | Bailey   | Killed a vault guard
  5368 | D:7      | Identified the +6 short sword "Edeopt" {freeze, rC+}
  5425 | D:7      | Reached ** piety under Cheibriados
  6299 | D:8      | Reached *** piety under Cheibriados
  6538 | D:9      | Noticed Grum
  6545 | D:9      | Killed Grum
  6624 | D:9      | Reached XP level 11. HP: 78/78 MP: 17/17
  6630 | D:9      | Noticed Harold
  6633 | D:9      | Killed Harold
  6634 | D:9      | Reached skill level 5 in Invocations
  6780 | D:9      | Found a runed translucent door.
  6794 | D:9      | Noticed FizzleBangTC's ghost (novice MeEE)
  6873 | D:9      | Identified the +7 spear "Itzeuned" {venom, rPois Str+2
                  | Dex+3}
  7023 | D:10     | Entered Level 10 of the Dungeon
  7474 | D:10     | Reached **** piety under Cheibriados
  7573 | D:10     | Noticed Fannar
  7579 | D:10     | Killed Fannar
  7949 | D:11     | Found a staircase to the Orcish Mines.
  7984 | D:11     | Noticed an oklob plant
  8008 | D:11     | Noticed an oklob plant
  8174 | D:11     | Noticed Nergalle
  8181 | D:11     | Killed Nergalle
  8292 | D:11     | Noticed Heh's ghost (journeyman OpFi)
  8293 | D:11     | Found a runed translucent door.
  8432 | D:11     | Noticed a two-headed ogre
  8433 | D:11     | Noticed a two-headed ogre
  8434 | D:11     | Noticed an ogre mage
  8434 | D:11     | Noticed a two-headed ogre
  8434 | D:11     | Noticed a two-headed ogre
  8613 | D:11     | Killed a two-headed ogre
  8614 | D:11     | Reached skill level 5 in Conjurations
  8618 | D:11     | Slain by a two-headed ogre

Illustrated notes

Levels and vault maps discovered:
D:1:      lemuel_arrival_lava_pool, layout_rooms, item_on_display_a
D:2:      layout_rooms
D:3:      layout_basic, dk_noncrumbling_4, minmay_checkerbox
D:4:      layout_gridville, gammafunk_ghost_necromancy, st_stairs_3,
          uniq_natasha, uniq_grinder, uniq_blork_the_orc, uniq_duvessa
D:5:      layout_cave_pools, grunt_temple_overflow_octagram, serial_shops,
          kennysheep_mini, ebering_ghost_gozag, nicolae_wormholes
D:6:      layout_basic, nicolae_elyvilon_peaceful_grove,
          minmay_misc_feat_nine_boxes, uniq_prince_ribbit1, uniq_pikel
D:7:      layout_basic, minmay_temple_entry_statues_fountains, enter_bailey_2
D:8:      layout_gridville, minmay_fractal_squares_5
D:9:      layout_big_octagon, ebering_ghost_funeral_grove,
          serial_bayou_crossing, uniq_grum, uniq_harold
D:10:     layout_loops_ring, uniq_fannar
D:11:     layout_long_grid, dpeg_oklobed_lair, orc_0_dummy,
          gammafunk_ghost_grave, uniq_nergalle

Skill      XL: |  1  2  3  4  5  6  7  8  9 10 11 |
---------------+----------------------------------+-----
Axes           | 3 4 5 6 7 8 |  8.0
Fighting       | 4 5 6 |  6.1
Transmutations | 6 9 |  9.0
Spellcasting   | 3 4 |  4.0
Unarmed Combat | 7 9 |  9.1
Invocations    | 2 3 7 |  7.6
Conjurations   | 5 |  5.4
Armour         | |  2.5
Shields        | |  2.8

Action                   |  1- 3 |  4- 6 |  7- 9 | 10-12 || total
-------------------------+-------+-------+-------+-------++-------
Melee: War axe           |    49 |   111 |       |       ||   160
       Tailslap          |     2 |    15 |    24 |    34 ||    75
       Hand axe          |       |    52 |   229 |   121 ||   402
       Unarmed           |       |       |       |    71 ||    71
       Punch             |       |       |       |     7 ||     7
 Cast: Blade Hands       |       |       |       |    13 ||    13
       Passwall          |       |       |       |     2 ||     2
Invok: Bend Time         |       |       |     1 |       ||     1
 Abil: Rolling Charge    |    19 |    33 |    45 |    52 ||   149
Evoke: Wand              |       |       |     9 |     3 ||    12
  Use: Potion            |       |     4 |     2 |     6 ||    12
       Scroll            |       |       |     3 |    11 ||    14
 Stab: Paralysed         |       |       |     7 |     3 ||    10
       Sleeping          |       |       |       |     1 ||     1
Armor: Scale mail        |    12 |    97 |       |       ||   109
       Robe              |       |       |    82 |    64 ||   146
Dodge: Dodged            |    14 |    69 |    87 |    62 ||   232
Block: Buckler           |     8 |    21 |    32 |    29 ||    90

Table legend: (Time is in decaauts)
 A = Elapsed time spent in this place.
 B = Non-inter-level travel time spent in this place.
 C = Inter-level travel time spent in this place.
 D = Time resting spent in this place.
 E = Time spent auto-exploring this place.
 F = Levels seen in this place.
 G = Mean time per level.
                   A        B        C        D        E       F      G
               +--------+--------+--------+--------+--------+-----+--------+
         Total |  10487 |  10216 |    271 |    292 |   8171 |  12 |  873.9 |
       Dungeon |  10084 |   9813 |    271 |    276 |   8058 |  11 |  916.7 |
        Bailey |    402 |    402 |      0 |     16 |    113 |   1 |  402.0 |
               +--------+--------+--------+--------+--------+-----+--------+

Top non-repeatable levels by time:
    D:10: 1377 daAuts
     D:7: 1106 daAuts
     D:3: 966 daAuts
     D:2: 944 daAuts
     D:8: 908 daAuts
    D:11: 907 daAuts
     D:6: 895 daAuts
     D:9: 889 daAuts
     D:5: 742 daAuts
     D:4: 726 daAuts
     D:1: 619 daAuts
  Bailey: 402 daAuts
